[ AOE2 MATCH · #477991915 ]
UnrankedPersians vs Italians
[ REPLAY ANALYSIS · EXTRACTED FROM THE RECORDED GAME ]
Feudal
10:56
Castle
16:14
Imperial
29:20
| APM avg | 28.3 |
| APM peak | 51 |
| eAPM avg | 16.9 |
| Villagers / military | 154 / 215 |
Focus
⚔️ 33.5% · 🌾 66.5%
Skirmisher ×102 · War Elephant ×43 · Knight ×39 · Archer ×25 · Trebuchet (Packed) ×4 · Monk ×2
Feudal
10:57
Castle
14:39
Imperial
—
| APM avg | 11.2 |
| APM peak | 48 |
| eAPM avg | 7.6 |
| Villagers / military | 64 / 0 |
Focus
⚔️ 12.9% · 🌾 87.1%
Feudal
13:20
Castle
17:15
Imperial
33:56
| APM avg | 19.7 |
| APM peak | 83 |
| eAPM avg | 12.7 |
| Villagers / military | 172 / 58 |
Focus
⚔️ 22.6% · 🌾 77.4%
Huskarl ×45 · Mangonel ×6 · Spearman ×4 · Monk ×3
Feudal
11:40
Castle
19:45
Imperial
35:07
| APM avg | 19.1 |
| APM peak | 47 |
| eAPM avg | 15.4 |
| Villagers / military | 167 / 153 |
Focus
⚔️ 32.7% · 🌾 67.3%
Skirmisher ×101 · Mangudai ×27 · Archer ×16 · Trade Cart ×10 · Mangonel ×9
Feudal
10:30
Castle
14:00
Imperial
28:43
| APM avg | 39.7 |
| APM peak | 91 |
| eAPM avg | 23.5 |
| Villagers / military | 192 / 116 |
Focus
⚔️ 32.1% · 🌾 67.9%
Unknown (882) ×122 · Spearman ×67 · Bombard Cannon ×36 · Mangonel ×11 · Monk ×2
Feudal
9:52
Castle
13:50
Imperial
29:42
| APM avg | 25.3 |
| APM peak | 56 |
| eAPM avg | 18.4 |
| Villagers / military | 129 / 259 |
Focus
⚔️ 48.6% · 🌾 51.4%
Longbowman ×151 · Spearman ×89 · Mangonel ×11 · Trebuchet (Packed) ×8
Feudal
11:47
Castle
15:31
Imperial
23:17
| APM avg | 14.5 |
| APM peak | 42 |
| eAPM avg | 8.2 |
| Villagers / military | 64 / 127 |
Focus
⚔️ 25.0% · 🌾 75.0%
Hand Cannoneer ×102 · Archer ×15 · Bombard Cannon ×9 · Monk ×1
Feudal
10:31
Castle
14:04
Imperial
31:01
| APM avg | 27.4 |
| APM peak | 59 |
| eAPM avg | 21.9 |
| Villagers / military | 175 / 243 |
Focus
⚔️ 44.4% · 🌾 55.6%
Scorpion ×132 · Battering Ram ×104 · Mangonel ×4 · Monk ×3
Match map
Initial resources + every placement click. Lines = walls · curves = elevation contours. ◆ gold · ⬟ stone · ● berries · ✦ relic · ◌ wall gap
Inputs per minute
— [JMS+C]JajatheBings - - YouTube/Whiskey-Ageofempires2
Build order — [JMS+C]JajatheBings
First 150 of 428 actions detected
| 0:05 | Build | House |
| 0:06 | Create | Villager (Male) |
| 0:06 | Research | Loom |
| 0:06 | Research | Loom |
| 0:11 | Build | House |
| 0:17 | Create | Villager (Male) |
| 0:17 | Create | Villager (Male) |
| 0:18 | Create | Villager (Male) |
| 0:42 | Create | Villager (Male) |
| 0:42 | Create | Villager (Male) |
| 1:31 | Create | Villager (Male) |
| 1:57 | Build | Lumber Camp |
| 2:12 | Create | Villager (Male) |
| 2:13 | Create | Villager (Male) |
| 2:35 | Create | Villager (Male) |
| 2:36 | Create | Villager (Male) |
| 3:11 | Create | Villager (Male) |
| 3:42 | Create | Villager (Male) |
| 3:42 | Create | Villager (Male) |
| 3:48 | Build | House |
| 3:49 | Build | House |
| 4:09 | Build | Mill |
| 4:18 | Create | Villager (Male) |
| 4:18 | Create | Villager (Male) |
| 4:43 | Create | Villager (Male) |
| 5:07 | Create | Villager (Male) |
| 5:07 | Create | Villager (Male) |
| 5:35 | Create | Villager (Male) |
| 5:35 | Create | Villager (Male) |
| 6:15 | Build | Lumber Camp |
| 6:18 | Create | Villager (Male) |
| 6:18 | Create | Villager (Male) |
| 6:32 | Create | Villager (Male) |
| 6:33 | Create | Villager (Male) |
| 6:59 | Build | Mining Camp |
| 7:39 | Build | House |
| 7:54 | Create | Villager (Male) |
| 8:10 | Build | Mining Camp |
| 8:41 | Research | Feudal Age |
| 9:03 | Create | Villager (Male) |
| 9:11 | Build | House |
| 9:29 | Create | Villager (Male) |
| 10:56 | Age | Feudal Age |
| 10:58 | Build | Market |
| 11:01 | Build | Blacksmith |
| 11:14 | Build | Farm |
| 11:16 | Build | Farm |
| 11:17 | Build | Farm |
| 11:19 | Build | Farm |
| 11:32 | Research | Loom |
| 12:09 | Build | Mill |
| 12:11 | Create | Villager (Male) |
| 12:13 | Create | Villager (Male) |
| 12:33 | Build | Farm |
| 12:58 | Create | Villager (Male) |
| 13:02 | Build | Farm |
| 13:49 | Research | Castle Age |
| 14:50 | Create | Villager (Male) |
| 14:50 | Create | Villager (Male) |
| 14:59 | Research | Double-Bit Axe |
| 15:08 | Build | House |
| 15:50 | Build | House |
| 16:14 | Age | Castle Age |
| 16:32 | Build | Castle |
| 16:43 | Build | Town Center |
| 16:53 | Build | Town Center |
| 16:58 | Create | Villager (Male) |
| 16:58 | Create | Villager (Male) |
| 17:11 | Build | Farm |
| 17:14 | Build | Farm |
| 17:17 | Build | Farm |
| 17:24 | Create | Villager (Male) |
| 17:24 | Create | Villager (Male) |
| 17:48 | Research | Wheelbarrow |
| 18:11 | Research | Bow Saw |
| 18:12 | Create | Villager (Male) |
| 18:12 | Create | Villager (Male) |
| 18:32 | Create | Villager (Male) |
| 18:38 | Create | Villager (Male) |
| 18:39 | Create | Villager (Male) |
| 18:48 | Build | Monastery |
| 19:05 | Build | Farm |
| 19:06 | Create | Villager (Male) |
| 19:13 | Create | Villager (Male) |
| 19:13 | Create | Villager (Male) |
| 19:32 | Create | Monk |
| 19:33 | Create | Monk |
| 19:46 | Create | Villager (Male) |
| 19:46 | Create | Villager (Male) |
| 19:46 | Create | Villager (Male) |
| 19:49 | Build | Farm |
| 19:52 | Build | Farm |
| 19:54 | Build | Farm |
| 19:55 | Build | Farm |
| 20:11 | Research | Horse Collar |
| 20:11 | Research | Horse Collar |
| 20:17 | Build | Farm |
| 20:18 | Build | Farm |
| 20:21 | Build | Farm |
| 20:22 | Build | Farm |
| 20:41 | Create | Villager (Male) |
| 20:42 | Create | Villager (Male) |
| 20:42 | Create | Villager (Male) |
| 20:47 | Build | Farm |
| 20:49 | Create | Villager (Male) |
| 20:51 | Build | Farm |
| 21:02 | Create | Villager (Male) |
| 21:02 | Create | Villager (Male) |
| 21:10 | Build | Farm |
| 21:10 | Build | Farm |
| 21:17 | Create | Villager (Male) |
| 21:38 | Create | Villager (Male) |
| 21:38 | Create | Villager (Male) |
| 21:39 | Create | Villager (Male) |
| 21:44 | Build | House |
| 21:45 | Build | House |
| 21:57 | Create | Villager (Male) |
| 21:57 | Create | Villager (Male) |
| 21:57 | Create | Villager (Male) |
| 22:04 | Build | Lumber Camp |
| 22:07 | Build | Farm |
| 22:08 | Create | Villager (Male) |
| 22:08 | Create | Villager (Male) |
| 22:25 | Build | Farm |
| 22:26 | Create | Villager (Male) |
| 22:26 | Create | Villager (Male) |
| 22:28 | Build | Farm |
| 22:29 | Create | Villager (Male) |
| 22:46 | Create | Villager (Male) |
| 22:47 | Create | Villager (Male) |
| 23:11 | Build | Outpost |
| 23:12 | Create | Villager (Male) |
| 23:12 | Create | Villager (Male) |
| 23:16 | Build | Farm |
| 23:23 | Build | Barracks |
| 23:34 | Create | Villager (Male) |
| 23:34 | Create | Villager (Male) |
| 23:39 | Create | Villager (Male) |
| 23:39 | Create | Villager (Male) |
| 23:43 | Research | Scale Barding Armor |
| 23:58 | Create | Villager (Male) |
| 23:58 | Create | Villager (Male) |
| 24:01 | Create | Villager (Male) |
| 24:02 | Create | Villager (Male) |
| 24:04 | Build | Outpost |
| 24:05 | Create | Villager (Male) |
| 24:05 | Create | Villager (Male) |
| 24:14 | Build | Mill |
| 24:15 | Build | Farm |
| 24:16 | Build | Farm |
Build order — YouTube/Whiskey-Ageofempires2
128 actions detected in the replay
| 0:01 | Create | Villager (Male) |
| 0:01 | Create | Villager (Male) |
| 0:01 | Create | Villager (Male) |
| 0:02 | Build | House |
| 0:04 | Build | House |
| 0:05 | Create | Villager (Male) |
| 1:27 | Create | Villager (Male) |
| 1:54 | Build | Lumber Camp |
| 2:03 | Create | Villager (Male) |
| 2:20 | Create | Villager (Male) |
| 2:48 | Create | Villager (Male) |
| 3:11 | Create | Villager (Male) |
| 3:21 | Create | Villager (Male) |
| 3:32 | Build | House |
| 3:33 | Build | House |
| 3:34 | Build | House |
| 4:10 | Create | Villager (Male) |
| 4:11 | Create | Villager (Male) |
| 4:13 | Create | Villager (Male) |
| 5:14 | Build | Mill |
| 5:22 | Create | Villager (Male) |
| 5:23 | Create | Villager (Male) |
| 5:23 | Create | Villager (Male) |
| 5:24 | Create | Villager (Male) |
| 6:24 | Build | Mill |
| 6:33 | Create | Villager (Male) |
| 6:33 | Create | Villager (Male) |
| 7:03 | Create | Villager (Male) |
| 7:14 | Create | Villager (Male) |
| 8:01 | Research | Feudal Age |
| 8:12 | Create | Villager (Male) |
| 8:13 | Research | Feudal Age |
| 9:27 | Create | Villager (Male) |
| 9:27 | Create | Villager (Male) |
| 10:57 | Age | Feudal Age |
| 11:01 | Build | Market |
| 11:06 | Build | Blacksmith |
| 11:14 | Research | Double-Bit Axe |
| 11:34 | Build | House |
| 11:38 | Build | House |
| 11:45 | Research | Horse Collar |
| 11:59 | Research | Castle Age |
| 12:09 | Build | Farm |
| 12:10 | Build | Farm |
| 12:10 | Build | Farm |
| 12:15 | Build | Farm |
| 12:47 | Build | Lumber Camp |
| 13:42 | Build | Farm |
| 14:39 | Age | Castle Age |
| 14:41 | Build | Town Center |
| 14:44 | Build | Town Center |
| 14:46 | Create | Villager (Male) |
| 14:46 | Create | Villager (Male) |
| 15:14 | Build | Farm |
| 15:18 | Research | Bow Saw |
| 15:29 | Build | Farm |
| 15:34 | Create | Villager (Male) |
| 15:47 | Create | Villager (Male) |
| 15:48 | Create | Villager (Male) |
| 15:48 | Create | Villager (Male) |
| 15:50 | Build | Farm |
| 15:55 | Build | Farm |
| 15:58 | Create | Villager (Male) |
| 15:59 | Create | Villager (Male) |
| 16:05 | Create | Villager (Male) |
| 16:05 | Create | Villager (Male) |
| 16:06 | Create | Villager (Male) |
| 16:09 | Create | Villager (Male) |
| 16:13 | Build | Farm |
| 16:32 | Create | Villager (Male) |
| 16:41 | Build | Farm |
| 16:42 | Create | Villager (Male) |
| 16:52 | Create | Villager (Male) |
| 16:56 | Build | Farm |
| 17:05 | Build | Farm |
| 17:08 | Create | Villager (Male) |
| 17:24 | Build | Town Center |
| 17:26 | Create | Villager (Male) |
| 17:31 | Build | Farm |
| 17:32 | Create | Villager (Male) |
| 17:42 | Build | Farm |
| 17:48 | Build | Farm |
| 17:50 | Create | Villager (Male) |
| 17:59 | Create | Villager (Male) |
| 18:04 | Build | House |
| 18:06 | Build | House |
| 18:07 | Build | House |
| 18:09 | Create | Villager (Male) |
| 18:14 | Build | Farm |
| 18:24 | Build | Farm |
| 18:25 | Create | Villager (Male) |
| 18:38 | Create | Villager (Male) |
| 18:38 | Create | Villager (Male) |
| 18:43 | Build | Farm |
| 18:45 | Build | Farm |
| 18:50 | Create | Villager (Male) |
| 19:02 | Build | Mining Camp |
| 19:05 | Create | Villager (Male) |
| 19:05 | Create | Villager (Male) |
| 19:13 | Create | Villager (Male) |
| 19:22 | Build | House |
| 19:24 | Build | House |
| 19:25 | Build | House |
| 19:26 | Create | Villager (Male) |
| 19:39 | Create | Villager (Male) |
| 19:39 | Create | Villager (Male) |
| 19:43 | Build | Farm |
| 19:44 | Build | Farm |
| 19:45 | Build | Farm |
| 19:47 | Build | Farm |
| 19:56 | Create | Villager (Male) |
| 19:56 | Create | Villager (Male) |
| 20:00 | Build | Farm |
| 20:01 | Build | Farm |
| 20:01 | Create | Villager (Male) |
| 20:05 | Build | Farm |
| 20:06 | Build | Farm |
| 20:07 | Create | Villager (Male) |
| 20:17 | Build | Farm |
| 20:18 | Build | Farm |
| 20:19 | Build | Farm |
| 20:25 | Create | Villager (Male) |
| 20:25 | Create | Villager (Male) |
| 20:28 | Build | House |
| 20:37 | Create | Villager (Male) |
| 20:37 | Create | Villager (Male) |
| 20:47 | Create | Villager (Male) |
| 20:51 | Build | Farm |
Build order — B E E R
First 150 of 368 actions detected
| 0:01 | Create | Villager (Male) |
| 0:01 | Create | Villager (Male) |
| 0:02 | Create | Villager (Male) |
| 0:02 | Create | Villager (Male) |
| 0:04 | Build | House |
| 0:06 | Build | House |
| 1:39 | Create | Villager (Male) |
| 2:10 | Build | House |
| 2:13 | Build | Lumber Camp |
| 2:16 | Create | Villager (Male) |
| 2:44 | Create | Villager (Male) |
| 2:44 | Create | Villager (Male) |
| 3:01 | Create | Villager (Male) |
| 3:29 | Create | Villager (Male) |
| 4:11 | Create | Villager (Male) |
| 4:12 | Create | Villager (Male) |
| 4:52 | Create | Villager (Male) |
| 5:18 | Build | Mill |
| 5:22 | Create | Villager (Male) |
| 5:42 | Build | House |
| 5:43 | Build | House |
| 6:02 | Create | Villager (Male) |
| 6:02 | Create | Villager (Male) |
| 6:02 | Create | Villager (Male) |
| 6:03 | Create | Villager (Male) |
| 6:03 | Create | Villager (Male) |
| 6:04 | Create | Villager (Male) |
| 6:36 | Create | Villager (Male) |
| 6:38 | Create | Villager (Male) |
| 7:20 | Create | Villager (Male) |
| 7:20 | Create | Villager (Male) |
| 7:21 | Create | Villager (Male) |
| 7:51 | Create | Villager (Male) |
| 8:09 | Create | Villager (Male) |
| 8:41 | Build | Mining Camp |
| 8:54 | Create | Villager (Male) |
| 8:54 | Create | Villager (Male) |
| 9:08 | Build | Farm |
| 9:58 | Create | Villager (Male) |
| 9:59 | Research | Feudal Age |
| 10:04 | Build | House |
| 10:07 | Build | Farm |
| 10:19 | Build | Mining Camp |
| 10:42 | Build | Farm |
| 10:53 | Build | Mill |
| 11:26 | Create | Villager (Male) |
| 11:27 | Create | Villager (Male) |
| 13:20 | Age | Feudal Age |
| 13:23 | Build | Market |
| 13:27 | Build | Blacksmith |
| 13:57 | Build | Farm |
| 14:09 | Create | Villager (Male) |
| 14:21 | Research | Castle Age |
| 14:30 | Build | Farm |
| 14:43 | Research | Double-Bit Axe |
| 14:44 | Research | Horse Collar |
| 14:57 | Create | Villager (Male) |
| 14:57 | Create | Villager (Male) |
| 16:16 | Build | Farm |
| 16:21 | Build | House |
| 16:58 | Build | Farm |
| 17:07 | Build | Farm |
| 17:10 | Build | Farm |
| 17:15 | Age | Castle Age |
| 17:24 | Build | Castle |
| 17:37 | Build | Town Center |
| 17:39 | Create | Villager (Male) |
| 17:42 | Research | Scale Mail Armor |
| 17:56 | Build | Farm |
| 18:00 | Build | Farm |
| 18:09 | Build | Farm |
| 18:23 | Create | Villager (Male) |
| 18:30 | Build | Farm |
| 18:31 | Create | Villager (Male) |
| 18:38 | Create | Villager (Male) |
| 18:42 | Create | Villager (Male) |
| 18:55 | Build | Farm |
| 19:00 | Build | Farm |
| 19:02 | Create | Villager (Male) |
| 19:20 | Create | Villager (Male) |
| 19:20 | Create | Villager (Male) |
| 19:25 | Research | Chain Mail Armor |
| 19:26 | Create | Villager (Male) |
| 19:28 | Create | Huskarl |
| 19:29 | Create | Huskarl |
| 19:29 | Create | Huskarl |
| 19:40 | Build | House |
| 19:46 | Create | Huskarl |
| 19:47 | Create | Villager (Male) |
| 19:51 | Build | Farm |
| 19:53 | Build | Farm |
| 19:54 | Create | Villager (Male) |
| 19:57 | Build | Farm |
| 20:00 | Build | Farm |
| 20:02 | Create | Villager (Male) |
| 20:03 | Create | Villager (Male) |
| 20:05 | Create | Huskarl |
| 20:08 | Build | House |
| 20:24 | Create | Villager (Male) |
| 20:32 | Create | Huskarl |
| 20:39 | Build | Farm |
| 20:41 | Build | Farm |
| 20:44 | Create | Villager (Male) |
| 21:29 | Build | House |
| 21:29 | Build | House |
| 21:31 | Create | Villager (Male) |
| 21:31 | Create | Villager (Male) |
| 21:41 | Build | House |
| 21:42 | Build | House |
| 21:44 | Create | Villager (Male) |
| 21:44 | Create | Villager (Male) |
| 21:47 | Build | Farm |
| 21:50 | Build | Farm |
| 21:51 | Create | Villager (Male) |
| 21:57 | Research | Forging |
| 22:00 | Create | Villager (Male) |
| 22:11 | Create | Villager (Male) |
| 22:19 | Build | Town Center |
| 22:21 | Create | Villager (Male) |
| 22:21 | Create | Villager (Male) |
| 22:30 | Build | Farm |
| 22:31 | Create | Villager (Male) |
| 22:40 | Build | House |
| 22:41 | Build | House |
| 22:43 | Create | Villager (Male) |
| 22:43 | Create | Villager (Male) |
| 22:51 | Build | Farm |
| 22:54 | Build | Farm |
| 22:55 | Create | Villager (Male) |
| 22:55 | Create | Villager (Male) |
| 23:13 | Build | House |
| 23:14 | Build | House |
| 23:15 | Build | House |
| 23:18 | Create | Villager (Male) |
| 23:18 | Create | Villager (Male) |
| 23:27 | Build | Monastery |
| 23:30 | Create | Villager (Male) |
| 23:31 | Create | Villager (Male) |
| 23:37 | Create | Villager (Male) |
| 23:40 | Build | House |
| 23:42 | Create | Villager (Male) |
| 23:52 | Build | Farm |
| 23:54 | Build | Farm |
| 23:55 | Create | Villager (Male) |
| 23:59 | Build | Farm |
| 24:01 | Build | Farm |
| 24:02 | Create | Villager (Male) |
| 24:02 | Create | Villager (Male) |
| 24:08 | Create | Villager (Male) |
| 24:10 | Create | Villager (Male) |
Build order — VnM
First 150 of 519 actions detected
| 0:04 | Create | Villager (Male) |
| 0:05 | Research | Loom |
| 0:05 | Create | Villager (Male) |
| 0:06 | Create | Villager (Male) |
| 0:06 | Create | Villager (Male) |
| 0:06 | Create | Villager (Male) |
| 0:22 | Build | House |
| 0:24 | Build | House |
| 0:26 | Build | House |
| 0:28 | Build | House |
| 1:26 | Create | Villager (Male) |
| 2:13 | Create | Villager (Male) |
| 3:09 | Create | Villager (Male) |
| 3:11 | Create | Villager (Male) |
| 3:35 | Create | Villager (Male) |
| 3:53 | Create | Villager (Male) |
| 4:10 | Build | Mill |
| 4:12 | Create | Villager (Male) |
| 4:26 | Create | Villager (Male) |
| 4:51 | Create | Villager (Male) |
| 5:08 | Create | Villager (Male) |
| 5:30 | Create | Villager (Male) |
| 5:54 | Create | Villager (Male) |
| 6:28 | Create | Villager (Male) |
| 6:29 | Create | Villager (Male) |
| 6:29 | Create | Villager (Male) |
| 6:30 | Create | Villager (Male) |
| 6:30 | Create | Villager (Male) |
| 6:30 | Create | Villager (Male) |
| 7:16 | Create | Villager (Male) |
| 7:17 | Create | Villager (Male) |
| 7:17 | Create | Villager (Male) |
| 7:18 | Create | Villager (Male) |
| 7:24 | Build | Lumber Camp |
| 7:54 | Build | House |
| 7:56 | Build | House |
| 8:08 | Create | Villager (Male) |
| 8:09 | Create | Villager (Male) |
| 8:09 | Create | Villager (Male) |
| 8:48 | Research | Feudal Age |
| 9:10 | Build | Mining Camp |
| 9:27 | Build | Mining Camp |
| 10:33 | Create | Villager (Male) |
| 10:35 | Create | Villager (Male) |
| 10:54 | Build | Barracks |
| 11:40 | Age | Feudal Age |
| 11:47 | Build | Market |
| 11:51 | Build | Blacksmith |
| 12:15 | Research | Double-Bit Axe |
| 12:23 | Create | Villager (Male) |
| 12:23 | Create | Villager (Male) |
| 12:23 | Create | Villager (Male) |
| 12:24 | Create | Villager (Male) |
| 12:24 | Create | Villager (Male) |
| 12:47 | Build | Farm |
| 12:51 | Build | Farm |
| 13:28 | Research | Horse Collar |
| 13:37 | Build | Farm |
| 13:45 | Build | Farm |
| 13:52 | Build | Farm |
| 14:07 | Build | House |
| 14:22 | Create | Villager (Male) |
| 14:23 | Create | Villager (Male) |
| 14:24 | Create | Villager (Male) |
| 14:40 | Build | Farm |
| 14:51 | Build | Farm |
| 15:06 | Build | Farm |
| 15:17 | Build | House |
| 15:17 | Build | House |
| 15:32 | Build | Farm |
| 15:44 | Create | Villager (Male) |
| 15:45 | Create | Villager (Male) |
| 15:46 | Create | Villager (Male) |
| 15:56 | Build | Farm |
| 16:04 | Build | Farm |
| 16:09 | Build | Farm |
| 16:15 | Build | Farm |
| 16:25 | Build | House |
| 16:26 | Build | House |
| 16:48 | Build | Farm |
| 16:55 | Build | Farm |
| 16:56 | Build | Farm |
| 17:03 | Research | Castle Age |
| 17:12 | Build | House |
| 17:17 | Create | Villager (Male) |
| 17:17 | Create | Villager (Male) |
| 17:36 | Research | Gold Mining |
| 17:57 | Research | Stone Mining |
| 18:13 | Build | Farm |
| 18:36 | Research | Padded Archer Armor |
| 18:37 | Research | Fletching |
| 18:52 | Create | Villager (Male) |
| 19:03 | Research | Wheelbarrow |
| 19:45 | Age | Castle Age |
| 19:49 | Build | Town Center |
| 19:57 | Build | Town Center |
| 20:04 | Create | Villager (Male) |
| 20:08 | Create | Villager (Male) |
| 20:22 | Research | Bow Saw |
| 20:47 | Create | Villager (Male) |
| 20:49 | Create | Villager (Male) |
| 20:50 | Create | Villager (Male) |
| 20:51 | Create | Villager (Male) |
| 20:52 | Create | Villager (Male) |
| 20:54 | Create | Villager (Male) |
| 20:54 | Create | Villager (Male) |
| 21:01 | Build | Farm |
| 21:02 | Build | Farm |
| 21:03 | Build | Farm |
| 21:04 | Create | Villager (Male) |
| 21:07 | Create | Villager (Male) |
| 21:21 | Create | Villager (Male) |
| 21:22 | Create | Villager (Male) |
| 21:31 | Build | Farm |
| 21:33 | Build | Farm |
| 21:38 | Create | Villager (Male) |
| 21:39 | Create | Villager (Male) |
| 21:53 | Build | Farm |
| 21:54 | Build | Farm |
| 21:55 | Create | Villager (Male) |
| 22:08 | Build | Castle |
| 22:16 | Create | Villager (Male) |
| 22:25 | Research | Heavy Plow |
| 22:47 | Build | Farm |
| 22:48 | Build | Farm |
| 22:49 | Build | Farm |
| 22:52 | Create | Villager (Male) |
| 22:53 | Create | Villager (Male) |
| 22:54 | Create | Villager (Male) |
| 22:55 | Create | Villager (Male) |
| 22:55 | Create | Villager (Male) |
| 22:56 | Create | Villager (Male) |
| 22:58 | Create | Villager (Male) |
| 23:05 | Build | Farm |
| 23:06 | Build | Farm |
| 23:07 | Build | Farm |
| 23:28 | Research | Hand Cart |
| 23:35 | Create | Villager (Male) |
| 23:37 | Create | Villager (Male) |
| 23:56 | Create | Villager (Male) |
| 23:59 | Create | Villager (Male) |
| 24:10 | Build | Farm |
| 24:12 | Build | Farm |
| 24:13 | Build | Farm |
| 24:16 | Create | Villager (Male) |
| 24:18 | Create | Villager (Male) |
| 24:19 | Create | Villager (Male) |
| 24:21 | Create | Villager (Male) |
| 24:24 | Create | Villager (Male) |
| 24:31 | Build | House |
Build order — MoRTeM
First 150 of 504 actions detected
| 0:00 | Create | Villager (Male) |
| 0:02 | Build | House |
| 0:03 | Build | House |
| 0:11 | Create | Villager (Male) |
| 0:11 | Create | Villager (Male) |
| 0:13 | Create | Villager (Male) |
| 0:13 | Create | Villager (Male) |
| 1:23 | Create | Villager (Male) |
| 1:23 | Create | Villager (Male) |
| 1:52 | Build | Lumber Camp |
| 1:54 | Create | Villager (Male) |
| 1:54 | Create | Villager (Male) |
| 1:55 | Create | Villager (Male) |
| 2:25 | Create | Villager (Male) |
| 2:25 | Create | Villager (Male) |
| 2:25 | Create | Villager (Male) |
| 2:46 | Create | Villager (Male) |
| 2:46 | Create | Villager (Male) |
| 2:47 | Create | Villager (Male) |
| 3:08 | Create | Villager (Male) |
| 3:08 | Create | Villager (Male) |
| 3:33 | Create | Villager (Male) |
| 3:33 | Create | Villager (Male) |
| 3:49 | Build | House |
| 3:50 | Build | House |
| 3:51 | Build | House |
| 4:06 | Create | Villager (Male) |
| 4:07 | Create | Villager (Male) |
| 4:29 | Create | Villager (Male) |
| 4:29 | Create | Villager (Male) |
| 4:29 | Create | Villager (Male) |
| 4:29 | Create | Villager (Male) |
| 4:58 | Build | Mill |
| 5:16 | Create | Villager (Male) |
| 5:16 | Create | Villager (Male) |
| 5:25 | Create | Villager (Male) |
| 5:25 | Create | Villager (Male) |
| 5:25 | Create | Villager (Male) |
| 5:56 | Create | Villager (Male) |
| 5:56 | Create | Villager (Male) |
| 6:01 | Create | Villager (Male) |
| 6:13 | Build | Farm |
| 6:15 | Build | Farm |
| 6:16 | Build | Farm |
| 6:38 | Create | Villager (Male) |
| 6:53 | Build | Mill |
| 7:05 | Create | Villager (Male) |
| 7:05 | Create | Villager (Male) |
| 7:05 | Create | Villager (Male) |
| 8:08 | Build | Mining Camp |
| 8:13 | Research | Feudal Age |
| 8:14 | Research | Feudal Age |
| 8:47 | Create | Villager (Male) |
| 8:47 | Create | Villager (Male) |
| 10:30 | Age | Feudal Age |
| 10:32 | Build | Market |
| 10:33 | Build | Blacksmith |
| 10:41 | Build | House |
| 11:10 | Research | Horse Collar |
| 11:18 | Research | Castle Age |
| 11:18 | Research | Castle Age |
| 11:53 | Research | Double-Bit Axe |
| 11:54 | Research | Double-Bit Axe |
| 12:09 | Build | Farm |
| 12:11 | Create | Villager (Male) |
| 12:12 | Create | Villager (Male) |
| 13:24 | Build | Farm |
| 14:00 | Age | Castle Age |
| 14:02 | Build | Monastery |
| 14:10 | Build | Town Center |
| 14:13 | Research | Bow Saw |
| 14:15 | Create | Villager (Male) |
| 14:30 | Build | House |
| 14:36 | Create | Monk |
| 14:36 | Create | Monk |
| 14:57 | Research | Heavy Plow |
| 14:57 | Research | Heavy Plow |
| 15:01 | Create | Villager (Male) |
| 15:01 | Create | Villager (Male) |
| 15:12 | Build | House |
| 15:17 | Create | Villager (Male) |
| 15:29 | Create | Villager (Male) |
| 15:46 | Create | Villager (Male) |
| 15:47 | Create | Villager (Male) |
| 15:54 | Build | Town Center |
| 16:02 | Create | Villager (Male) |
| 16:03 | Create | Villager (Male) |
| 16:28 | Create | Villager (Male) |
| 16:28 | Create | Villager (Male) |
| 16:28 | Create | Villager (Male) |
| 16:33 | Build | Farm |
| 16:33 | Build | Farm |
| 16:34 | Build | Farm |
| 16:34 | Build | Farm |
| 16:43 | Create | Villager (Male) |
| 16:44 | Create | Villager (Male) |
| 16:55 | Build | Farm |
| 16:57 | Build | Farm |
| 16:58 | Build | Farm |
| 17:01 | Build | Farm |
| 17:21 | Create | Villager (Male) |
| 17:21 | Create | Villager (Male) |
| 17:45 | Create | Villager (Male) |
| 17:45 | Create | Villager (Male) |
| 17:45 | Create | Villager (Male) |
| 17:45 | Create | Villager (Male) |
| 17:51 | Build | Farm |
| 17:54 | Build | Farm |
| 17:56 | Build | Farm |
| 17:59 | Build | Farm |
| 18:01 | Create | Villager (Male) |
| 18:01 | Create | Villager (Male) |
| 18:01 | Create | Villager (Male) |
| 18:05 | Build | Lumber Camp |
| 18:09 | Build | Farm |
| 18:11 | Build | Farm |
| 18:15 | Build | Farm |
| 18:17 | Build | Farm |
| 18:19 | Create | Villager (Male) |
| 18:19 | Create | Villager (Male) |
| 18:19 | Create | Villager (Male) |
| 18:23 | Build | House |
| 18:23 | Build | House |
| 18:24 | Build | House |
| 18:25 | Build | House |
| 18:26 | Build | House |
| 18:27 | Build | House |
| 18:28 | Create | Villager (Male) |
| 18:28 | Create | Villager (Male) |
| 18:28 | Create | Villager (Male) |
| 18:51 | Create | Villager (Male) |
| 18:52 | Create | Villager (Male) |
| 18:52 | Create | Villager (Male) |
| 18:52 | Create | Villager (Male) |
| 18:57 | Create | Villager (Male) |
| 18:57 | Create | Villager (Male) |
| 19:15 | Create | Villager (Male) |
| 19:15 | Create | Villager (Male) |
| 19:15 | Create | Villager (Male) |
| 19:15 | Create | Villager (Male) |
| 19:19 | Build | Farm |
| 19:19 | Build | Farm |
| 19:23 | Build | Farm |
| 19:33 | Build | Barracks |
| 19:36 | Create | Villager (Male) |
| 19:36 | Create | Villager (Male) |
| 19:36 | Create | Villager (Male) |
| 19:36 | Create | Villager (Male) |
| 19:39 | Create | Villager (Male) |
| 19:39 | Create | Villager (Male) |
Build order — DerDieDas
First 150 of 528 actions detected
| 0:01 | Create | Villager (Male) |
| 0:02 | Create | Villager (Male) |
| 0:03 | Build | House |
| 0:05 | Build | House |
| 0:25 | Create | Villager (Male) |
| 0:25 | Create | Villager (Male) |
| 1:23 | Create | Villager (Male) |
| 1:23 | Create | Villager (Male) |
| 1:50 | Build | Lumber Camp |
| 1:56 | Create | Villager (Male) |
| 1:57 | Create | Villager (Male) |
| 2:25 | Create | Villager (Male) |
| 2:25 | Create | Villager (Male) |
| 2:43 | Create | Villager (Male) |
| 2:43 | Create | Villager (Male) |
| 3:05 | Create | Villager (Male) |
| 3:05 | Create | Villager (Male) |
| 3:35 | Build | House |
| 3:39 | Build | House |
| 3:42 | Create | Villager (Male) |
| 3:42 | Create | Villager (Male) |
| 4:44 | Build | Mill |
| 4:49 | Create | Villager (Male) |
| 4:50 | Create | Villager (Male) |
| 4:50 | Create | Villager (Male) |
| 5:30 | Create | Villager (Male) |
| 5:31 | Create | Villager (Male) |
| 6:06 | Create | Villager (Male) |
| 6:06 | Create | Villager (Male) |
| 6:31 | Build | Mill |
| 6:42 | Create | Villager (Male) |
| 7:13 | Build | Mining Camp |
| 7:42 | Research | Feudal Age |
| 8:32 | Create | Villager (Male) |
| 8:32 | Create | Villager (Male) |
| 8:32 | Create | Villager (Male) |
| 9:52 | Age | Feudal Age |
| 9:59 | Build | Market |
| 10:08 | Build | Blacksmith |
| 10:20 | Create | Villager (Male) |
| 10:51 | Build | Mining Camp |
| 11:10 | Research | Castle Age |
| 11:27 | Research | Double-Bit Axe |
| 12:03 | Build | House |
| 12:43 | Build | House |
| 13:12 | Build | Farm |
| 13:14 | Build | Farm |
| 13:23 | Create | Villager (Male) |
| 13:50 | Age | Castle Age |
| 13:52 | Create | Villager (Male) |
| 13:53 | Create | Villager (Male) |
| 14:00 | Build | Town Center |
| 14:40 | Create | Villager (Male) |
| 14:41 | Create | Villager (Male) |
| 14:46 | Build | Farm |
| 14:47 | Build | Farm |
| 14:55 | Research | Horse Collar |
| 15:12 | Build | Farm |
| 15:23 | Create | Villager (Male) |
| 15:29 | Create | Villager (Male) |
| 15:30 | Create | Villager (Male) |
| 15:42 | Build | Farm |
| 15:44 | Build | Farm |
| 15:58 | Build | Farm |
| 16:06 | Build | Farm |
| 16:08 | Build | Farm |
| 16:09 | Build | Farm |
| 16:21 | Build | House |
| 16:23 | Build | House |
| 16:35 | Create | Villager (Male) |
| 16:35 | Create | Villager (Male) |
| 16:41 | Create | Villager (Male) |
| 16:42 | Create | Villager (Male) |
| 16:51 | Build | Farm |
| 16:56 | Build | Farm |
| 16:57 | Build | Farm |
| 17:10 | Create | Villager (Male) |
| 17:10 | Create | Villager (Male) |
| 17:20 | Build | Farm |
| 17:26 | Build | Farm |
| 17:27 | Build | Farm |
| 17:43 | Build | Castle |
| 17:48 | Create | Villager (Male) |
| 17:48 | Create | Villager (Male) |
| 17:54 | Research | Wheelbarrow |
| 18:04 | Create | Villager (Male) |
| 18:21 | Research | Heavy Plow |
| 18:39 | Create | Villager (Male) |
| 18:49 | Build | Farm |
| 18:50 | Build | Farm |
| 19:05 | Create | Villager (Male) |
| 19:07 | Create | Villager (Male) |
| 19:32 | Create | Villager (Male) |
| 19:35 | Create | Villager (Male) |
| 19:35 | Create | Villager (Male) |
| 19:45 | Build | Town Center |
| 19:47 | Create | Longbowman |
| 19:48 | Create | Longbowman |
| 20:02 | Create | Villager (Male) |
| 20:02 | Create | Villager (Male) |
| 20:02 | Create | Villager (Male) |
| 20:22 | Research | Bow Saw |
| 20:31 | Create | Villager (Male) |
| 20:32 | Create | Villager (Male) |
| 20:40 | Build | Lumber Camp |
| 20:45 | Create | Longbowman |
| 20:45 | Create | Longbowman |
| 20:54 | Create | Villager (Male) |
| 20:54 | Create | Villager (Male) |
| 20:56 | Create | Villager (Male) |
| 21:01 | Research | Gold Mining |
| 21:33 | Build | University |
| 21:37 | Create | Villager (Male) |
| 21:37 | Create | Villager (Male) |
| 21:43 | Create | Villager (Male) |
| 21:43 | Create | Villager (Male) |
| 21:47 | Create | Villager (Male) |
| 21:47 | Create | Villager (Male) |
| 21:55 | Build | House |
| 21:56 | Build | House |
| 22:04 | Build | Barracks |
| 22:11 | Create | Longbowman |
| 22:11 | Create | Longbowman |
| 22:17 | Research | Fletching |
| 22:19 | Create | Villager (Male) |
| 22:19 | Create | Villager (Male) |
| 22:19 | Create | Villager (Male) |
| 22:25 | Build | Farm |
| 22:26 | Build | Farm |
| 22:37 | Build | Farm |
| 22:39 | Build | Farm |
| 22:41 | Build | Farm |
| 22:48 | Create | Villager (Male) |
| 22:48 | Create | Villager (Male) |
| 22:49 | Create | Villager (Male) |
| 22:50 | Create | Villager (Male) |
| 22:56 | Create | Villager (Male) |
| 22:57 | Create | Villager (Male) |
| 22:57 | Create | Villager (Male) |
| 23:02 | Create | Longbowman |
| 23:02 | Create | Longbowman |
| 23:04 | Create | Spearman |
| 23:04 | Create | Spearman |
| 23:05 | Create | Spearman |
| 23:23 | Build | Siege Workshop |
| 23:27 | Create | Longbowman |
| 23:28 | Create | Longbowman |
| 23:31 | Create | Villager (Male) |
| 23:31 | Create | Villager (Male) |
| 23:36 | Research | Stone Mining |
Build order — Neverson 138
First 150 of 221 actions detected
| 0:01 | Create | Villager (Male) |
| 0:01 | Create | Villager (Male) |
| 0:02 | Create | Villager (Male) |
| 0:03 | Build | House |
| 0:05 | Build | House |
| 0:35 | Create | Villager (Male) |
| 0:35 | Create | Villager (Male) |
| 0:35 | Create | Villager (Male) |
| 1:42 | Create | Villager (Male) |
| 1:42 | Create | Villager (Male) |
| 1:42 | Create | Villager (Male) |
| 1:57 | Create | Villager (Male) |
| 1:58 | Create | Villager (Male) |
| 2:14 | Build | Lumber Camp |
| 2:27 | Create | Villager (Male) |
| 2:27 | Create | Villager (Male) |
| 2:28 | Create | Villager (Male) |
| 2:55 | Create | Villager (Male) |
| 2:55 | Create | Villager (Male) |
| 2:56 | Create | Villager (Male) |
| 3:08 | Build | House |
| 3:24 | Create | Villager (Male) |
| 3:24 | Create | Villager (Male) |
| 3:24 | Create | Villager (Male) |
| 3:55 | Create | Villager (Male) |
| 3:55 | Create | Villager (Male) |
| 3:56 | Create | Villager (Male) |
| 4:23 | Create | Villager (Male) |
| 4:23 | Create | Villager (Male) |
| 4:31 | Build | Mill |
| 4:54 | Create | Villager (Male) |
| 4:55 | Create | Villager (Male) |
| 4:55 | Create | Villager (Male) |
| 5:20 | Build | House |
| 5:36 | Create | Villager (Male) |
| 5:36 | Create | Villager (Male) |
| 5:37 | Create | Villager (Male) |
| 5:37 | Create | Villager (Male) |
| 5:37 | Create | Villager (Male) |
| 6:38 | Create | Villager (Male) |
| 6:38 | Create | Villager (Male) |
| 6:38 | Create | Villager (Male) |
| 6:38 | Create | Villager (Male) |
| 6:39 | Create | Villager (Male) |
| 6:52 | Build | Mill |
| 7:13 | Build | House |
| 8:38 | Build | Mining Camp |
| 8:47 | Create | Villager (Male) |
| 9:11 | Research | Feudal Age |
| 9:59 | Build | Lumber Camp |
| 11:47 | Age | Feudal Age |
| 11:51 | Build | Market |
| 11:57 | Build | Blacksmith |
| 11:59 | Create | Villager (Male) |
| 12:00 | Create | Villager (Male) |
| 12:51 | Research | Castle Age |
| 12:57 | Build | Mining Camp |
| 13:17 | Research | Horse Collar |
| 13:33 | Build | Farm |
| 13:34 | Build | Farm |
| 13:34 | Build | Farm |
| 13:34 | Build | Farm |
| 13:43 | Build | Farm |
| 13:43 | Build | Farm |
| 14:15 | Build | Farm |
| 14:16 | Build | Farm |
| 14:20 | Research | Double-Bit Axe |
| 14:37 | Research | Loom |
| 14:37 | Create | Villager (Male) |
| 14:38 | Create | Villager (Male) |
| 14:53 | Build | Farm |
| 14:53 | Build | Farm |
| 14:54 | Build | Farm |
| 14:54 | Build | Farm |
| 15:09 | Build | House |
| 15:10 | Build | House |
| 15:31 | Age | Castle Age |
| 15:52 | Build | Monastery |
| 16:06 | Create | Villager (Male) |
| 16:19 | Build | Farm |
| 16:41 | Build | Farm |
| 16:42 | Build | Farm |
| 16:42 | Build | Farm |
| 16:58 | Create | Monk |
| 17:14 | Build | Farm |
| 17:15 | Build | Farm |
| 17:20 | Create | Villager (Male) |
| 17:20 | Create | Villager (Male) |
| 17:48 | Build | House |
| 17:49 | Build | House |
| 17:50 | Build | House |
| 17:51 | Build | House |
| 17:52 | Build | House |
| 17:54 | Build | House |
| 17:56 | Build | House |
| 17:57 | Build | House |
| 17:58 | Build | House |
| 17:59 | Build | House |
| 18:52 | Create | Villager (Male) |
| 18:52 | Create | Villager (Male) |
| 19:02 | Build | University |
| 20:07 | Research | Imperial Age |
| 20:08 | Research | Imperial Age |
| 20:20 | Build | Mining Camp |
| 20:25 | Research | Gold Mining |
| 21:09 | Research | Wheelbarrow |
| 21:16 | Research | Stone Mining |
| 22:02 | Build | House |
| 22:05 | Build | House |
| 22:08 | Build | House |
| 22:11 | Build | House |
| 22:12 | Build | House |
| 22:13 | Build | House |
| 22:14 | Build | House |
| 22:16 | Build | House |
| 22:17 | Build | House |
| 23:17 | Age | Imperial Age |
| 23:24 | Build | Feitoria |
| 23:43 | Build | Feitoria |
| 24:08 | Research | Chemistry |
| 24:34 | Research | Padded Archer Armor |
| 24:43 | Create | Villager (Male) |
| 24:43 | Create | Villager (Male) |
| 24:43 | Create | Villager (Male) |
| 24:44 | Create | Villager (Male) |
| 25:03 | Build | Feitoria |
| 25:17 | Build | House |
| 25:17 | Build | House |
| 25:18 | Build | House |
| 25:20 | Build | House |
| 26:07 | Build | Barracks |
| 26:10 | Research | Leather Archer Armor |
| 26:33 | Build | Feitoria |
| 26:42 | Build | House |
| 26:43 | Build | House |
| 26:44 | Build | House |
| 26:45 | Build | House |
| 26:47 | Build | House |
| 26:48 | Build | House |
| 26:49 | Build | House |
| 26:52 | Build | House |
| 27:03 | Create | Villager (Male) |
| 27:03 | Create | Villager (Male) |
| 27:10 | Research | Ring Archer Armor |
| 27:17 | Build | Archery Range |
| 27:42 | Build | Mining Camp |
| 27:54 | Build | Lumber Camp |
| 28:18 | Build | Archery Range |
| 28:48 | Create | Villager (Male) ×5 |
| 29:11 | Build | Archery Range |
Build order — BetodoBrasil
First 150 of 564 actions detected
| 0:01 | Create | Villager (Male) |
| 0:02 | Create | Villager (Male) |
| 0:03 | Build | House |
| 0:05 | Build | House |
| 0:08 | Create | Villager (Male) |
| 0:16 | Create | Villager (Male) |
| 1:17 | Create | Villager (Male) |
| 1:17 | Create | Villager (Male) |
| 1:17 | Create | Villager (Male) |
| 1:18 | Create | Villager (Male) |
| 1:33 | Create | Villager (Male) |
| 1:53 | Build | Lumber Camp |
| 2:00 | Create | Villager (Male) |
| 2:00 | Create | Villager (Male) |
| 2:00 | Create | Villager (Male) |
| 2:27 | Create | Villager (Male) |
| 2:27 | Create | Villager (Male) |
| 2:27 | Create | Villager (Male) |
| 2:54 | Create | Villager (Male) |
| 2:54 | Create | Villager (Male) |
| 2:55 | Create | Villager (Male) |
| 2:55 | Create | Villager (Male) |
| 3:08 | Build | House |
| 3:10 | Build | House |
| 3:14 | Create | Villager (Male) |
| 3:14 | Create | Villager (Male) |
| 3:14 | Create | Villager (Male) |
| 3:29 | Build | House |
| 3:42 | Create | Villager (Male) |
| 3:43 | Create | Villager (Male) |
| 3:43 | Create | Villager (Male) |
| 4:06 | Create | Villager (Male) |
| 4:07 | Create | Villager (Male) |
| 4:07 | Create | Villager (Male) |
| 4:42 | Create | Villager (Male) |
| 4:42 | Create | Villager (Male) |
| 4:42 | Create | Villager (Male) |
| 4:43 | Create | Villager (Male) |
| 5:12 | Build | Mill |
| 5:18 | Build | Mill |
| 5:22 | Create | Villager (Male) |
| 5:40 | Create | Villager (Male) |
| 6:14 | Create | Villager (Male) |
| 6:14 | Create | Villager (Male) |
| 6:14 | Create | Villager (Male) |
| 6:15 | Create | Villager (Male) |
| 6:15 | Create | Villager (Male) |
| 6:22 | Create | Villager (Male) |
| 6:22 | Create | Villager (Male) |
| 6:22 | Create | Villager (Male) |
| 6:22 | Create | Villager (Male) |
| 6:51 | Build | Mill |
| 7:34 | Create | Villager (Male) |
| 8:03 | Build | Mining Camp |
| 8:13 | Research | Feudal Age |
| 8:44 | Create | Villager (Male) |
| 8:44 | Create | Villager (Male) |
| 10:31 | Age | Feudal Age |
| 10:34 | Build | Market |
| 10:36 | Build | Blacksmith |
| 11:15 | Build | House |
| 11:24 | Research | Castle Age |
| 11:24 | Research | Castle Age |
| 12:00 | Research | Horse Collar |
| 12:05 | Build | Farm |
| 12:09 | Build | Farm |
| 12:11 | Build | Farm |
| 12:16 | Build | Farm |
| 12:33 | Research | Double-Bit Axe |
| 13:21 | Create | Villager (Male) |
| 14:04 | Age | Castle Age |
| 14:08 | Build | Monastery |
| 14:11 | Research | Bow Saw |
| 14:13 | Research | Heavy Plow |
| 14:17 | Build | Farm |
| 14:20 | Create | Villager (Male) |
| 14:41 | Create | Villager (Male) |
| 14:47 | Build | Farm |
| 14:57 | Create | Monk |
| 14:58 | Create | Villager (Male) |
| 15:15 | Create | Villager (Male) |
| 15:17 | Create | Monk |
| 15:25 | Build | Siege Workshop |
| 15:41 | Create | Villager (Male) |
| 15:52 | Build | Town Center |
| 15:55 | Build | House |
| 16:14 | Create | Monk |
| 16:15 | Create | Villager (Male) |
| 16:34 | Build | House |
| 16:46 | Create | Villager (Male) |
| 17:06 | Create | Villager (Male) |
| 17:10 | Build | Farm |
| 17:10 | Build | Farm |
| 17:11 | Create | Villager (Male) |
| 17:21 | Create | Villager (Male) |
| 17:24 | Create | Mangonel |
| 17:25 | Build | House |
| 17:45 | Create | Villager (Male) |
| 17:56 | Create | Villager (Male) |
| 17:57 | Create | Villager (Male) |
| 17:58 | Create | Villager (Male) |
| 18:00 | Build | Farm |
| 18:00 | Build | Farm |
| 18:00 | Build | Farm |
| 18:00 | Build | Farm |
| 18:01 | Build | Farm |
| 18:08 | Build | House |
| 18:19 | Create | Scorpion |
| 18:29 | Create | Villager (Male) |
| 18:31 | Create | Villager (Male) |
| 18:36 | Build | Town Center |
| 18:44 | Build | Farm |
| 18:47 | Create | Villager (Male) |
| 18:51 | Build | House |
| 18:54 | Create | Scorpion |
| 18:57 | Create | Villager (Male) |
| 19:01 | Build | Farm |
| 19:17 | Create | Villager (Male) |
| 19:17 | Create | Villager (Male) |
| 19:20 | Build | House |
| 19:29 | Build | House |
| 19:32 | Research | Loom |
| 19:33 | Create | Villager (Male) |
| 19:38 | Create | Scorpion |
| 19:48 | Create | Villager (Male) |
| 19:58 | Create | Villager (Male) |
| 20:01 | Build | House |
| 20:07 | Create | Villager (Male) |
| 20:38 | Build | House |
| 20:40 | Create | Scorpion |
| 20:42 | Create | Villager (Male) |
| 20:44 | Create | Villager (Male) |
| 20:44 | Create | Villager (Male) |
| 20:53 | Build | Town Center |
| 21:14 | Create | Villager (Male) |
| 21:14 | Create | Villager (Male) |
| 21:32 | Create | Villager (Male) |
| 21:32 | Create | Villager (Male) |
| 21:32 | Create | Villager (Male) |
| 21:33 | Research | Wheelbarrow |
| 21:38 | Build | Farm |
| 21:38 | Build | Farm |
| 21:39 | Build | Farm |
| 21:39 | Build | Farm |
| 21:39 | Build | Farm |
| 21:40 | Create | Villager (Male) |
| 21:41 | Create | Villager (Male) |
| 21:41 | Create | Villager (Male) |
| 21:55 | Create | Villager (Male) |
| 21:55 | Create | Villager (Male) |
Match timeline
| 9:52 | DerDieDas · age_up feudal |
| 10:30 | MoRTeM · age_up feudal |
| 10:31 | BetodoBrasil · age_up feudal |
| 10:54 | VnM · first_building Barracks |
| 10:56 | [JMS+C]JajatheBings · age_up feudal |
| 10:57 | YouTube/Whiskey-Ageofempires2 · age_up feudal |
| 11:40 | VnM · age_up feudal |
| 11:47 | Neverson 138 · age_up feudal |
| 11:58 | YouTube/Whiskey-Ageofempires2 · first_market_sell 100 wood |
| 13:20 | B E E R · age_up feudal |
| 13:21 | [JMS+C]JajatheBings · first_market_buy 100 food |
| 13:23 | [JMS+C]JajatheBings · first_market_sell 100 wood |
| 13:50 | DerDieDas · age_up castle |
| 14:00 | MoRTeM · age_up castle |
| 14:02 | MoRTeM · first_building Monastery |
| 14:04 | BetodoBrasil · age_up castle |
| 14:08 | BetodoBrasil · first_building Monastery |
| 14:39 | YouTube/Whiskey-Ageofempires2 · age_up castle |
| 15:25 | BetodoBrasil · first_building Siege Workshop |
| 15:31 | Neverson 138 · age_up castle |
| 15:52 | Neverson 138 · first_building Monastery |
| 16:14 | [JMS+C]JajatheBings · age_up castle |
| 16:32 | [JMS+C]JajatheBings · first_building Castle |
| 17:15 | B E E R · age_up castle |
| 17:24 | B E E R · first_building Castle |
| 17:43 | DerDieDas · first_building Castle |
| 18:48 | [JMS+C]JajatheBings · first_building Monastery |
| 19:24 | Neverson 138 · first_market_sell 100 food |
| 19:33 | MoRTeM · first_building Barracks |
| 19:45 | VnM · age_up castle |
| 20:23 | B E E R · first_market_buy 100 wood |
| 22:04 | DerDieDas · first_building Barracks |
| 22:08 | VnM · first_building Castle |
| 22:32 | YouTube/Whiskey-Ageofempires2 · resign |
| 22:46 | BetodoBrasil · first_market_buy 100 food |
| 23:17 | Neverson 138 · age_up imperial |
| 23:23 | DerDieDas · first_building Siege Workshop |
| 23:23 | [JMS+C]JajatheBings · first_building Barracks |
| 23:27 | B E E R · first_building Monastery |
| 24:16 | BetodoBrasil · first_building Castle |
| 26:07 | Neverson 138 · first_building Barracks |
| 26:21 | MoRTeM · first_building Siege Workshop |
| 26:30 | DerDieDas · first_market_sell 100 wood |
| 26:30 | B E E R · first_building Barracks |
| 27:02 | BetodoBrasil · first_market_sell 500 stone |
| 27:17 | Neverson 138 · first_building Archery Range |
| 27:25 | VnM · first_building Archery Range |
| 27:54 | MoRTeM · first_market_sell 100 wood |
| 27:56 | MoRTeM · first_market_buy 500 stone |
| 28:07 | MoRTeM · first_building Castle |
| 28:43 | MoRTeM · age_up imperial |
| 29:04 | DerDieDas · wall_segment Stone Wall x8 |
| 29:20 | [JMS+C]JajatheBings · age_up imperial |
| 29:42 | DerDieDas · age_up imperial |
| 29:57 | VnM · first_building Siege Workshop |
| 30:19 | Neverson 138 · first_building Castle |
| 30:33 | B E E R · first_market_sell 100 food |
| 30:46 | Neverson 138 · first_building Siege Workshop |
| 31:01 | BetodoBrasil · age_up imperial |
| 31:51 | [JMS+C]JajatheBings · first_building Archery Range |
| 32:47 | B E E R · first_building Siege Workshop |
| 33:56 | B E E R · age_up imperial |
| 35:07 | VnM · age_up imperial |
| 37:22 | [JMS+C]JajatheBings · wall_segment Stone Wall x7 |
| 38:11 | [JMS+C]JajatheBings · wall_segment Stone Wall x6 |
| 38:19 | [JMS+C]JajatheBings · wall_segment Stone Wall x7 |
| 39:39 | [JMS+C]JajatheBings · wall_segment Stone Wall x8 |
| 40:21 | [JMS+C]JajatheBings · first_building Stable |
| 43:17 | VnM · first_building Stable |
[ AI ANALYSIS · 1 CREDIT ]
What really happened in this match?
Wolo.gg analyzes every decision: build order, eco, micro, common mistakes by bracket. Personalized analysis on WhatsApp or Discord in 30 seconds.
Civ guide
Persians
Perfil
Jugador #434049